 Dungeon Crawl Stone Soup version 0.29.1-2-gbd0b4ee654 (webtiles) character file.

Game seed: 18169652575500686329

189 cdecastro the Chopper (level 5, 0/45 HPs)
             Began as a Minotaur Fighter on Nov 13, 2022.
             Was a Believer of Uskayaw.
             Slain by an orc
             ... wielding a +0 trident
              (7 damage)
             ... on level 3 of the Dungeon.
             The game lasted 00:02:25 (2039 turns).

cdecastro the Chopper (Minotaur Fighter)            Turns: 2039, Time: 00:02:25

Health: 0/45       AC:  8    Str: 23    XL:     5   Next: 40%
Magic:  4/4        EV:  9    Int:  5    God:    Uskayaw [**....]
Gold:   150        SH:  0    Dex:  9    Spells: 4/4 levels left

rFire   . . .      SeeInvis .   a - +0 war axe
rCold   . . .      Faith    .   (no shield)
rNeg    . . .      Spirit   .   b - +0 scale mail
rPois   .          Reflect  .   (helmet restricted)
rElec   .          Harm     .   (no cloak)
rCorr   .          Rampage  .   (no gloves)
Will    .....                   c - +0 pair of boots
Stlth   ..........              (no amulet)
HPRegen 0.15/turn               (no ring)
MPRegen 0.09/turn               (no ring)

@: no status effects
A: horns 2, retaliatory headbutt
a: Renounce Religion, Stomp, Line Pass


You were on level 3 of the Dungeon.
You worshipped Uskayaw.
Uskayaw was noncommittal.
You visited 1 branch of the dungeon, and saw 3 of its levels.

You collected 150 gold pieces.

Inventory:

Hand Weapons
 a - a +0 war axe (weapon)
 q - a +0 flail
Missiles
 e - 20 stones (quivered)
 m - 4 poisoned darts
Armour
 b - a +0 scale mail (worn)
 c - a +0 pair of boots (worn)
Scrolls
 f - a scroll of poison {unknown}
 i - a scroll of enchant weapon {unknown}
 n - a scroll of immolation {unknown}
 o - 2 scrolls of teleportation {unknown}
 p - a scroll of identify {unknown}
Potions
 d - a potion of might
 g - a potion of mutation {unknown}
 h - 2 potions of lignification {unknown}
 j - a potion of resistance {unknown}
 k - 2 potions of flight {unknown}
 l - 2 potions of attraction {unknown}


   Skills:
 - Level 3.6 Fighting
 + Level 6.9 Axes
 - Level 3.6 Armour
 - Level 3.6 Shields


You had 4 spell levels left.
You didn't know any spells.
Your spell library contained the following spells:

 Spells                   Type           Power      Damage    Failure   Level
 Sublimation of Blood     Necr           0%         N/A       89%         2
 Wereblood                Tmut           0%         N/A       89%         2
 Summon Hydra             Summ           0%         N/A       100%        7


Dungeon Overview and Level Annotations

Branches:
Dungeon (3/15)

Altars:
Fedhas
Hepliaklqana
Uskayaw

Shops:
D:3 (


Innate Abilities, Weirdness & Mutations

You have a pair of horns on your head.
You reflexively headbutt those who attack you in melee.


Message History

You hit the orc.
You kill the orc!
You barely miss the orc wizard.
The orc wizard is almost dead.
The orc wizard hits you but does no damage.
The orc priest calls down the wrath of Beogh upon you.
Beogh smites you!
You slash the orc wizard!
You kill the orc wizard!
The orc priest miscasts a cantrip.
An orc comes into view. It is wielding a +0 trident.
The orc shouts!
The orc hits you from afar with a +0 trident!
* * * LOW HITPOINT WARNING * * *
The orc priest hits you but does no damage.
Items here: )) [ ††.
You hit the orc priest.
The orc priest is lightly wounded.
The orc barely misses you. The orc priest misses you.
You hit the orc priest but do no damage.
The orc priest is lightly wounded.
The orc hits you but does no damage.
The orc priest hits you with a +0 hand axe.
* * * LOW HITPOINT WARNING * * *
You barely miss the orc priest.
The orc priest is lightly wounded.
The orc hits you but does no damage.
The orc priest invokes the aid of Beogh against you.
You barely resist.
The orc priest hits you but does no damage.
The orc barely misses you.
You barely miss the orc priest.
The orc priest is lightly wounded.
The orc hits you but does no damage.
The orc priest hits you with a +0 hand axe.
* * * LOW HITPOINT WARNING * * *
You slash the orc priest!
You kill the orc priest!
The orc hits you from afar with a +0 trident!
You die...

#..#⌠.....#..
#..########.. .
#............
#.##.........###
.............#
.........)...###
#.#########.........#..
#...o.)# ####.#....'..
#@# #.#...##..
#.#######.#.#.#...
#........)........
#########)#.#.....
##........####..
#......)### #..
#.......# #). #....####
#.. #....# ###


You could see an orc.

Vanquished Creatures
  4 orc priests (D:3)
  An orc wizard (D:3)
  An adder (D:2)
  3 worms (D:2)
  3 dart slugs
  4 orcs
  3 ball pythons
  5 bats
  3 endoplasms
  5 giant cockroaches
  2 goblins
  3 hobgoblins
  4 jackals (D:1)
  2 quokkas
  2 frilled lizards (D:1)
  3 kobolds
  3 rats
51 creatures vanquished.

Notes
Turn   | Place    | Note
-------+----------+-------------------------------------------
     0 | D:1      | cdecastro the Minotaur Fighter began the quest for the Orb.
     0 | D:1      | Reached XP level 1. HP: 19/19 MP: 0/0
    74 | D:1      | Reached skill level 3 in Axes
   155 | D:1      | Reached XP level 2. HP: 26/26 MP: 1/1
   294 | D:1      | Found Muozxaf's Armour Emporium.
   600 | D:1      | Reached skill level 4 in Axes
   609 | D:1      | Noticed a golden eye
   627 | D:1      | Found a faded altar of an unknown god.
   628 | D:1      | Noticed a shining eye
   628 | D:1      | Noticed a golden eye
   628 | D:1      | Noticed an eye of devastation
   645 | D:1      | Prayed at the altar of an unknown god.
   645 | D:1      | Became a worshipper of Uskayaw the Reveller
   645 | D:1      | Reached * piety under Uskayaw
   856 | D:2      | Reached ** piety under Uskayaw
   862 | D:2      | Reached XP level 3. HP: 4/31 MP: 2/2
  1405 | D:2      | Reached skill level 5 in Axes
  1743 | D:3      | Reached XP level 4. HP: 39/39 MP: 3/3
  1754 | D:3      | Found a hazy altar of Hepliaklqana.
  1754 | D:3      | Found a blossoming altar of Fedhas.
  1793 | D:3      | Found Arrupp's Weapon Shop.
  1827 | D:3      | Reached *** piety under Uskayaw
  1828 | D:3      | Reached skill level 6 in Axes
  1831 | D:3      | Reached **** piety under Uskayaw
  1835 | D:3      | Reached ***** piety under Uskayaw
  1842 | D:3      | Reached XP level 5. HP: 22/45 MP: 0/4
  2039 | D:3      | Slain by an orc

Illustrated notes

Levels and vault maps discovered:
D:1:      shiori_arrival_oz, layout_basic,
          hellmonk_ecumenical_altar_watching_god, serial_shops,
          nicolae_lakefront_shop
D:2:      layout_rooms
D:3:      layout_basic, gammafunk_temple_overflow_elements, serial_shops,
          nicolae_lakefront_shop, mrwooster_statue_mirror,
          uniq_crazy_yiuf_cottage, uniq_natasha

Skill      XL: |  1  2  3  4 |
---------------+-------------+-----
Axes           | 3 4 5 6 |  6.9
Fighting       | |  3.6
Armour         | |  3.6
Shields        | |  3.6

Action                   |  1- 3 |  4- 6 || total
-------------------------+-------+-------++-------
Melee: War axe           |    79 |    31 ||   110
       Headbutt          |     8 |     4 ||    12
       Punch             |     1 |       ||     1
Invok: Stomp             |       |     1 ||     1
 Stab: Paralysed         |       |     1 ||     1
Armor: Scale mail        |    38 |    14 ||    52
Dodge: Dodged            |    44 |     8 ||    52
